 Dungeon Crawl Stone Soup version 0.29.1-1-gd02db6906a (webtiles) character file.

Game seed: 7478261491653639303

856 GeoRichter the Shooter (level 7, -6/50 HPs)
             Began as a Demonspawn Hunter on Oct 17, 2022.
             Was a Priest of Hepliaklqana.
             Mangled by a hornet (8 damage)
             ... on level 6 of the Dungeon.
             The game lasted 00:08:28 (4491 turns).

GeoRichter the Shooter (Demonspawn Hunter)          Turns: 4491, Time: 00:08:28

Health: -6/50      AC: 14    Str: 17    XL:     7   Next: 70%
Magic:  7/7        EV: 12    Int: 10    God:    Hepliaklqana [***...]
Gold:   276        SH:  0    Dex: 19    Spells: 6/6 levels left

rFire   . . .      SeeInvis .   a - +0 shortbow
rCold   . . .      Faith    .   (shield currently unavailable)
rNeg    . . .      Spirit   .   c - +0 leather armour
rPois   +          Reflect  .   (helmet restricted)
rElec   .          Harm     .   (no cloak)
rCorr   .          Rampage  .   h - +0 pair of gloves
Will    .....                   B - +0 pair of boots
Stlth   ++........              y - amulet of magic regeneration
HPRegen 0.16/turn               i - ring of the Ban {rPois Stlth+}
MPRegen 0.50/turn               j - +6 ring of strength

@: lethally poisoned (-6 -> -8), silenced, sanguine armoured, attractive
A: reduced essence, horns 2, powered by pain 1, sanguine armour 2
a: Renounce Religion


You were on level 6 of the Dungeon.
You worshipped Hepliaklqana.
Hepliaklqana was most pleased with you.
You visited 2 branches of the dungeon, and saw 7 of its levels.

You collected 276 gold pieces.

Inventory:

Hand Weapons
 a - a +0 shortbow (weapon)
 q - the +8 spear of Undoing {drain, Fly Str+3}
   (You found it on level 3 of the Dungeon)

   A truly terrible weapon, it drains the life of any living foe it strikes.
   Str:       It affects your strength (+3).
   Fly:       It grants you flight.
Missiles
 u - 2 throwing nets {!f}
Armour
 c - a +0 leather armour (worn)
 h - a +0 pair of gloves (worn)
   (You found it on level 2 of the Dungeon)
 B - a +0 pair of boots (worn)
   (You found it on level 5 of the Dungeon)
Jewellery
 i - the ring of the Ban (left hand) {rPois Stlth+}
   (You found it on level 2 of the Dungeon)

   [ring of poison resistance]

   rPois:     It protects you from poison.
   Stlth:     It makes you more stealthy.
 j - a +6 ring of strength (right hand)
   (You found it on level 5 of the Dungeon)
 m - a ring of ice
   (You found it on level 3 of the Dungeon)
 y - an amulet of magic regeneration (around neck)
   (You found it on level 5 of the Dungeon)
Wands
 o - a wand of iceblast (7)
   (You found it on level 3 of the Dungeon)
 r - a wand of flame (12)
   (You took it off a kobold on level 4 of the Dungeon)
Scrolls
 b - 2 scrolls of immolation {!r}
 f - 8 scrolls of identify {unknown}
 k - 5 scrolls of teleportation {unknown}
 p - a scroll of enchant weapon {unknown}
 A - a scroll of vulnerability {unknown}
Potions
 d - 3 potions of might {unknown}
 e - a potion of attraction {!q}
 g - a potion of degeneration {unknown}
 l - 2 potions of heal wounds {unknown}
 n - 3 potions of haste {unknown}
 s - a potion of invisibility {unknown}
 t - a potion of curing {unknown}
 v - a potion of lignification {unknown}
 x - a potion of magic
 z - a potion of cancellation {unknown}


   Skills:
 + Level 5.3 Fighting
 * Level 7.5 Ranged Weapons
 - Level 1.7 Dodging
 - Level 0.8 Stealth


You had 6 spell levels left.
You didn't know any spells.
Your spell library was empty.

Dungeon Overview and Level Annotations

Branches:
Dungeon (6/15) Zot: 26902  Temple (1/1) D:6 Zot: 5785

Altars:
Ashenzari
Dithmenos
Fedhas
Gozag
Hepliaklqana
Kikubaaqudgha
Nemelex Xobeh
Okawaru
Qazlal
Sif Muna
Trog
Vehumet
Wu Jian
Yredelemnul


Innate Abilities, Weirdness & Mutations

Your life essence is reduced to manifest your ancestor. (-10% HP)
You have a pair of horns on your head.
You sometimes gain a little power by taking damage.
When seriously injured, your blood forms thick armour. (AC +9)


Message History

The hornet stings you!
Your blood congeals into armour.
You suddenly lose the ability to move!
The hornet stings you.
You feel yourself slow down. The hornet stings you.
* * * LOW HITPOINT WARNING * * *
You feel as though you will be slow longer.
The hornet stings you.
* * * LOW HITPOINT WARNING * * *
You are poisoned.
You feel as though you will be slow longer.
You can move again.
The hornet attacks as you move away! The hornet completely misses you.
You feel very sick.
The hornet stings you but does no damage.
The gnoll hits you but does no damage. x2
There is a staircase to the Ecumenical Temple here.
You can't go up here!
It was a potion of attraction.
You feel attractive to monsters.
You feel very sick.
The hornet stings you but does no damage. x2
The gnoll hits you but does no damage. x2; The gnoll misses you.
The hornet stings you but does no damage.
The gnoll is attracted toward you.
The air fills with toxic fumes!
As you read the scroll labelled PUWIHU UCRINE, it crumbles to dust.
It was a scroll of poison.
You feel sick. The gnoll barely misses you.
The gnoll hits you but does no damage. x2
The hornet stings you but does no damage.
The gnoll hits you with a +0 club.
* * * LOW HITPOINT WARNING * * *
The gnoll hits you but does no damage. The gnoll barely misses you.
The hornet closely misses you.
As you read the scroll labelled JOACHOESURPH, it crumbles to dust.
A profound silence engulfs you.
It was a scroll of silence.
You feel sick.
The hornet stings you but does no damage.
The gnoll closely misses you. The gnoll completely misses you.
The gnoll hits you but does no damage.
The hornet stings you but does no damage.
Magic scrolls do not work when you're silenced!
It was a potion of magic.
Magic courses through your body.
You feel yourself speed up.
You feel sick.
The hornet stings you but does no damage.
The gnoll hits you with a +0 club.
* * * LOW HITPOINT WARNING * * *
The gnoll barely misses you. The gnoll hits you but does no damage.
The hornet stings you!
You die...

####### #.....#######
#.##.##§§§§§#########
#.#....§§§§§........#
#.#..###§§§########.# #.#..#
#§§§# #<..#
#.#§§###§§§######.#.#
#.#§§§§§§§§§§§§§§.#.#
#.#§§§§gy@§§§§§####.# #
#)#§§glgg§§§§§#####.#
.g###.#.##.###§§§###§§§.#.#.
...l.g..g..# #§§§# #..§.....
..###)#.##.# #§§§###......#.
#.#.#### ####§......### #
#.. ######### ###


You could see a hornet, an iguana and 4 gnolls.

Vanquished Creatures
  An ice beast (D:5)
  An ogre (D:4)
  2 orc priests (D:5)
  2 hounds
  6 gnolls
  4 adders
  An ufetubus (D:5)
  2 worms
  3 dart slugs
  2 orcs
  8 bats
  4 endoplasms
  2 giant cockroaches
  4 hobgoblins
  4 jackals
  3 quokkas
  3 ball pythons
  2 frilled lizards
  9 goblins
  5 kobolds
  6 rats
74 creatures vanquished.

Vanquished Creatures (collateral kills)
  A centaur (D:5)
  A howler monkey (D:5)
  A jelly (D:5)
  An orc priest (D:4)
  2 hounds
  An iguana (D:5)
  An orc wizard (D:4)
  An adder (D:6)
  4 gnolls
  A shadow imp (D:5)
  A dart slug (D:5)
  3 orcs (D:5)
  2 ball pythons
  An endoplasm (D:3)
  A giant cockroach (D:4)
  A hobgoblin (D:4)
  A kobold (D:4)
24 creatures vanquished.

Vanquished Creatures (others)
  A knight (D:6)
  2 ancestors
3 creatures vanquished.

Grand Total: 101 creatures vanquished

Notes
Turn   | Place    | Note
-------+----------+-------------------------------------------
     0 | D:1      | GeoRichter the Demonspawn Hunter began the quest for the
                  | Orb.
     0 | D:1      | Reached XP level 1. HP: 16/16 MP: 1/1
   217 | D:1      | Gained mutation: You have a pair of small horns on your
                  | head. [demonic ancestry]
   217 | D:1      | Reached XP level 2. HP: 22/22 MP: 2/2
   261 | D:1      | Reached skill level 4 in Ranged Weapons
   806 | D:1      | Found a faded altar of an unknown god.
   813 | D:1      | Prayed at the altar of an unknown god.
   813 | D:1      | Became a worshipper of Hepliaklqana the Forgotten
   813 | D:1      | Reached * piety under Hepliaklqana
   903 | D:2      | Gained mutation: When seriously injured, your blood forms
                  | armour. (AC +9) [demonic ancestry]
   903 | D:2      | Reached XP level 3. HP: 25/25 MP: 3/3
   937 | D:2      | Identified the ring of the Ban {rPois Stlth+}
  1661 | D:3      | Identified the +8 spear of Undoing {drain, Fly Str+3}
  1696 | D:3      | Gained mutation: When seriously injured, your blood forms
                  | thick armour. (AC +9) [demonic ancestry]
  1696 | D:3      | Reached XP level 4. HP: 30/30 MP: 4/4
  2055 | D:3      | Reached ** piety under Hepliaklqana
  2056 | D:3      | Remembered your ancestor Arif as a knight
  2130 | D:3      | Reached skill level 5 in Ranged Weapons
  2500 | D:4      | Found a radiant altar of Vehumet.
  2628 | D:4      | Found a sparkling altar of Nemelex Xobeh.
  2687 | D:4      | Reached XP level 5. HP: 36/36 MP: 5/5
  3309 | D:4      | Noticed an ogre
  3314 | D:4      | Killed an ogre
  3315 | D:4      | Reached skill level 6 in Ranged Weapons
  3315 | D:4      | Gained mutation: You have a pair of horns on your head.
                  | [demonic ancestry]
  3315 | D:4      | Reached XP level 6. HP: 42/43 MP: 6/6
  3589 | D:5      | Entered Level 5 of the Dungeon
  3593 | D:5      | Reached *** piety under Hepliaklqana
  3742 | D:5      | Gained mutation: You sometimes gain a little power by
                  | taking damage. [demonic ancestry]
  3742 | D:5      | Reached XP level 7. HP: 31/49 MP: 7/7
  3988 | D:5      | Reached skill level 7 in Ranged Weapons
  4089 | D:5      | Reached skill level 5 in Fighting
  4248 | D:6      | Found a staircase to the Ecumenical Temple.
  4273 | Temple   | Entered the Ecumenical Temple
  4472 | D:6      | Noticed a hornet
  4484 | D:6      | Paralysed by a hornet for 3 turns
  4491 | D:6      | HP: 2/50 [gnoll/+0 club[a gnoll bouda] (5)]
  4491 | D:6      | Mangled by a hornet

Illustrated notes

Levels and vault maps discovered:
D:1:      evilmike_arrival_fibonacci_small, layout_loops_ring,
          dilly_ecumenical_altar_fadedgnrine
D:2:      layout_loops_ring
D:3:      layout_basic
D:4:      minmay_diamond_boxcup, layout_basic, vehumet_altar_wand_db,
          mainiacjoe_overflow_24_doors
D:5:      layout_basic
D:6:      layout_basic, general_overflow_altar, minmay_temple_entry_junction
Temple:   chequers_temple_sunken

Skill      XL: |  1  2  3  4  5  6  7 |
---------------+----------------------+-----
Ranged Weapons | 4 5 6 7 |  7.5
Fighting       | 3 4 5 |  5.3
Dodging        | |  1.7
Stealth        | |  0.8

Action                   |  1- 3 |  4- 6 |  7- 9 || total
-------------------------+-------+-------+-------++-------
 Fire: Shortbow          |   103 |   114 |    30 ||   247
Invok: Ancestor Life: Kn |       |     1 |       ||     1
  Use: Scroll            |       |       |     2 ||     2
       Potion            |       |       |     2 ||     2
Armor: Leather armour    |     5 |    15 |    17 ||    37
Dodge: Dodged            |    12 |    23 |    10 ||    45
